[Event "Live Chess"]
[Site "Chess.com"]
[Date "2024.06.01"]
[Round "-"]
[White "ShanthamGrarks"]
[Black "dhairyapandyauk"]
[Result "0-1"]
[WhiteElo "1807"]
[BlackElo "1707"]
[TimeControl "300"]
[EndTime "14:04:46 PDT"]
[Termination "dhairyapandyauk won on time"]

1. d4 Nf6 2. Nc3 e6 3. e4 Bb4 4. Bg5 h6 5. Bxf6 Qxf6 6. Nf3 Bxc3+ 7. bxc3 b6 8. Bd3 Bb7 9. Qe2 d6 10. O-O Nd7 11. c4 O-O 12. c3 e5 13. Rad1 Rfe8 14. d5 Nc5 15. Nd2 a5 16. f3 Qf4 17. Rf2 Ba6 18.
g3 Qg5 19. Rdf1 Qh5 20. Qe3 g6 21. Be2 g5 22. f4 g4 23. fxe5 dxe5 24. Rxf7 Rf8 25.
Rxf8+ Rxf8 26. Rxf8+ Kxf8 27. Qf2+ Kg7 28. Nf1 Nxe4 29. Qe3 Qf5 30. Kg2 h5 31. Bd3 Qf3+ 32. Qxf3 gxf3+ 33. Kxf3 Nxc3 34. Ne3 Nxa2 35. Nf5+ Kf6 36.
Nh6 Nc3 37. Ng8+ Kf7 38. Nh6+ Kf6 39. Nf5 a4 40. Ne3 a3 41. Nc2 a2 42. Na1 e4+ 43.
Bxe4 Bxc4 44. d6 cxd6 45. Bc2 d5 46. h3 b5 47. Ke3 b4 48. Kd4 Ne2+ 49. Kc5 Ke5 50. Kxb4 Kd4 51. g4 hxg4 52. hxg4 Nf4 53. g5 Bd3 54. Nb3+ Ke3 55. Bd1 Be2 56. Bxe2 Kxe2 57.
Ka3 a1=Q+ 58. Nxa1 d4 59. Kb2 d3 60. Nb3 Ke3 61.
Kc3 Nd5+ 62. Kc4 Nf4 63. Kc3 Ne2+ 64. Kc4 Nc1 65. Nxc1 d2 66. Na2 d1=Q 67. Nc3 Qc2 0-1

[Event "Live Chess"]
[Site "Chess.com"]
[Date "2024.06.01"]
[Round "-"]
[White "WelshTiger"]
[Black "IanCalvert2"]
[Result "1-0"]
[WhiteElo "2520"]
[BlackElo "1600"]
[TimeControl "300"]
[EndTime "14:04:57 PDT"]
[Termination "WelshTiger won by resignation"]

1. e4 d5 2. exd5 Qxd5 3. Nc3 Qd6 4. d4 Nf6 5. Nf3 c6 6. Bd3 Bg4 7. Ne4 Nxe4 8. Bxe4 Nd7 9. h3 Bh5 10. Be3 Nf6 11.
Bd3 Nd5 12. Qe2 e6 13. O-O-O O-O-O 14. g4 Bg6 15. Ne5 Bxd3 16. Rxd3 Qc7 17. Qf3 f6 18. Nc4 Nxe3 19. fxe3 Bd6 20. Kb1 Kb8 21. e4 e5 22.
Nxd6 Qxd6 23. c3 Rhe8 24. d5 cxd5 25. Rxd5 Qb6 26. Rhd1 Rxd5 27. Rxd5 Rd8 28. Rxd8+ Qxd8 29. Kc2 Kc7 30. Qf5 h6 31. Qe6 Qd7 32. Qxd7+ Kxd7 33.
h4 g6 34. Kd3 Ke6 35. c4 f5 36. exf5+ gxf5 37. g5 hxg5 38. hxg5 Kf7 39. c5 Kg6 40. b4 Kxg5 41. b5 Kf6 42. a4 Ke6 43. a5 Kd5 44. c6 bxc6 45. b6 axb6 46. a6 e4+ 47. Ke2 f4 48. a7 f3+ 49. Ke3 c5 50. a8=Q+ Kc4 51.
Qxe4+ 1-0

[Event "Live Chess"]
[Site "Chess.com"]
[Date "2024.06.01"]
[Round "-"]
[White "Nazar-Makarchuk"]
[Black "booktrunk"]
[Result "0-1"]
[WhiteElo "1436"]
[BlackElo "1407"]
[TimeControl "300"]
[EndTime "14:05:21 PDT"]
[Termination "booktrunk won - game abandoned"]

1. e4 e6 2. Nf3 h6 3. d4 Nf6 4. Nc3 Nxe4 5. Nxe4 f6 6. Be2 Qe7 7. O-O b6 8. c3 Bb7 9. Ng3 Nc6 10.
Be3 O-O-O 11. Bb5 Kb8 12. Re1 Rc8 13. d5 exd5 0-1

[Event "Live Chess"]
[Site "Chess.com"]
[Date "2024.06.01"]
[Round "-"]
[White "GEMdzq"]
[Black "AlexanderMatlak"]
[Result "0-1"]
[WhiteElo "2315"]
[BlackElo "2445"]
[TimeControl "300"]
[EndTime "14:05:22 PDT"]
[Termination "AlexanderMatlak won by resignation"]

1. e4 c5 2. d4 cxd4 3. c3 Nf6 4. e5 Nd5 5. Qxd4 e6 6. Bd3 Nc6 7.
Qe4 f5 8. exf6 Nxf6 9. Qh4 Be7 10. Nf3 e5 11. Bg6+ Kf8 12. O-O d5 13. c4 e4 14.
cxd5 Qxd5 15. Nc3 Qe6 16. Bxe4 Nxe4 17. Qxe4 Qxe4 18. Nxe4 Bf5 19. Ng3 Bd3 20. Rd1 Rd8 21. Bg5 h6 22. Bxe7+ Kxe7 23. Re1+ Kf7 24. Ne4 Rhe8 25.
Nc5 Rxe1+ 26. Rxe1 b6 27. Nxd3 Rxd3 28. h3 Kf6 29. Rc1 Nb4 30. a3 Nd5 31. Rc6+ Ke7 32. Rg6 Kf8 33. Kh2 Nf6 34. Rg3 Rb3 35. Ne5 Rxb2 36. f4 b5 37. Rc3 Nd5 38. Rc8+ Ke7 39. Rg8 Nxf4 40. Kg3 Ne6 41. Nc6+ Kf7 42. Rb8 a6 43.
Ra8 Rb3+ 44. Kg4 Rxa3 45. Kf5 g6+ 46. Ke5 Re3+ 47. Kd6 Kf6 48. Re8 Rd3+ 49. Nd4 Rxd4+ 50. Kc6 Rd2 51. Ra8 b4 0-1

[Event "Live Chess"]
[Site "Chess.com"]
[Date "2024.06.01"]
[Round "-"]
[White "Tushinskiy"]
[Black "Duke_of_Bebington"]
[Result "1-0"]
[WhiteElo "2260"]
[BlackElo "1627"]
[TimeControl "300"]
[EndTime "14:05:42 PDT"]
[Termination "Tushinskiy won by checkmate"]

1. d4 d5 2. c3 Nf6 3. Nf3 Bf5 4. Bf4 e6 5. Bg3 Bd6 6. Nbd2 Bxg3 7. hxg3 O-O 8. Nh4 Bg6 9. Nxg6 hxg6 10. Qc2 Nbd7 11. f4 Ng4 12. Nf3 Ndf6 13. Rh4 Qd6 14. Ne5 Ne3 15.
Qd3 Nf5 16. Rh3 Ne4 17. g4 Nh6 18. g5 Nf5 19. g4 Ne7 20. Bg2 f6 21. gxf6 gxf6 22.
Bxe4 fxe5 23. fxe5 Qd8 24. Bxg6 Rf4 25. Bh5 Qf8 26. O-O-O Qg7 27. Rdh1 Raf8 28. e3 Rf2 29. a3 Qg5 30. Be8 Rf1+ 31. Rxf1 Rxf1+ 32. Qxf1 Qxg4 33. Qf7# 1-0

[Event "Live Chess"]
[Site "Chess.com"]
[Date "2024.06.01"]
[Round "-"]
[White "Silverback7829"]
[Black "educatedlad"]
[Result "0-1"]
[WhiteElo "957"]
[BlackElo "1723"]
[TimeControl "300"]
[EndTime "14:05:52 PDT"]
[Termination "educatedlad won by checkmate"]

1. d4 d5 2. Nf3 Nc6 3. Nc3 Nf6 4. e4 e6 5. exd5 exd5 6. Bf4 Bd6 7. Bxd6 Qxd6 8. Bb5 O-O 9. Bxc6 Qxc6 10. O-O Bg4 11. Ng5 Bxd1 12. Raxd1 h6 13. Nf3 Qd6 14. Rfe1 Ng4 15.
h3 Nxf2 16. Kxf2 Rfe8 17. Rxe8+ Rxe8 18. Re1 Rxe1 19. Nxe1 Qb4 20. a3 Qxb2 21. Nd1 Qxd4+ 22. Kg3 Qxd1 23. Nf3 Qxc2 24. h4 Qc3 25. Kg4 Qxa3 26. Kg3 Qb4 27. Kf2 a6 28. Kg3 Qe4 29. Kh3 Qxf3+ 30.
gxf3 a5 31. Kg3 a4 32. Kf2 a3 33. Kg3 a2 34. Kg4 a1=Q 35. f4 b5 36. f5 b4 37.
Kf4 Qf6 38. h5 Qxf5+ 39. Kxf5 b3 40. Ke5 b2 41. Kxd5 b1=Q 42. Kc6 Qg6+ 43. hxg6 fxg6 44. Kxc7 Kf7 45. Kd6 Kf6 46. Kd7 Kf5 47. Ke7 g5 48. Kf7 g4 49. Kxg7 g3 50. Kxh6 g2 51. Kg7 g1=Q+ 52. Kf7 Qg6+ 53. Ke7 Qe6+ 54. Kf8 Qd7 55.
Kg8 Kg6 56. Kf8 Qf7# 0-1

[Event "Live Chess"]
[Site "Chess.com"]
[Date "2024.06.01"]
[Round "-"]
[White "chessfiction"]
[Black "ProfPoisson"]
[Result "1-0"]
[WhiteElo "2375"]
[BlackElo "1284"]
[TimeControl "300"]
[EndTime "14:05:53 PDT"]
[Termination "chessfiction won by resignation"]

1. e4 e5 2. d4 exd4 3. c3 dxc3 4. Bc4 cxb2 5. Bxb2 d5 6. Bxd5 Nf6 7. Bxf6 Qxf6 8. Nd2 Bb4 9. Qa4+ c6 10. Rd1 Bxd2+ 11.
Rxd2 O-O 12. Bb3 Qa1+ 13. Rd1 Qc3+ 14. Kf1 Bg4 15. Ne2 Bxe2+ 16. Kxe2 Na6 17. Qc4 Qxc4+ 18. Bxc4 Nc5 19. Ke3 Rfe8 20. f3 b5 21. Be2 f5 22.
Rd4 fxe4 23. fxe4 Ne6 24. Rd6 Rac8 25. Rc1 c5 26. Bxb5 Re7 27. Bd7 Rd8 28. Bxe6+ Rxe6 29.
Rxd8+ Kf7 30. Rxc5 Kg6 31. Rc7 a5 32. Rdd7 Rb6 33.
Rxg7+ Kf6 34. Rxh7 Rb2 35. Rc6+ Kg5 36. Ra7 Rxa2 37. Rc5+ Kf6 38. Ra6+ Ke7 39. Rc7+ Kd8 40. Rh7 1-0

[Event "Live Chess"]
[Site "Chess.com"]
[Date "2024.06.01"]
[Round "-"]
[White "JohanKjeldahl"]
[Black "Cimon"]
[Result "1-0"]
[WhiteElo "1869"]
[BlackElo "1826"]
[TimeControl "300"]
[EndTime "14:05:55 PDT"]
[Termination "JohanKjeldahl won by checkmate"]

1. c4 Nf6 2. Nc3 e6 3. e4 d6 4. d4 Be7 5. Nf3 c5 6. d5 e5 7.
h3 O-O 8. Be3 a6 9. a4 Ne8 10.
g4 Nd7 11. Qd2 Ndf6 12. Be2 Bd7 13. g5 Nh5 14. Nxe5 dxe5 15. Bxh5 b5 16. axb5 axb5 17. Rxa8 Qxa8 18. Bf3 b4 19. Nb5 Bxb5 20. cxb5 Qa5 21.
Be2 Nd6 22. O-O Nxe4 23. Qc2 Nxg5 24. Bxg5 Bxg5 25. Qxc5 Bf4 26. d6 Qd8 27. Qxb4 Qg5+ 28. Kh1 Qh4 29. Qc3 Rd8 30. Rg1 h6 31. Qf3 Rxd6 32. b3 Qd8 33. Bc4 Qe7 34. Qg4 g6 35. h4 Kh7 36. h5 g5 37. Qf5+ Kg7 38. Bd3 Rf6 39. Qh7+ Kf8 40. Qh8# 1-0

[Event "Live Chess"]
[Site "Chess.com"]
[Date "2024.06.01"]
[Round "-"]
[White "Brooms1989"]
[Black "MaksymYurii"]
[Result "1-0"]
[WhiteElo "1125"]
[BlackElo "937"]
[TimeControl "300"]
[EndTime "14:06:01 PDT"]
[Termination "Brooms1989 won by checkmate"]

1. e4 e5 2. Nc3 Nc6 3. Bc4 Nf6 4. d3 Bc5 5. f4 exf4 6. Bxf4 O-O 7. Nf3 Ng4 8. d4 Bd6 9. Bxd6 cxd6 10. Qd2 Re8 11. O-O Nce5 12. Nxe5 dxe5 13. Bxf7+ Kh8 14. Bxe8 Qxe8 15.
dxe5 Nxe5 16. Rf3 d5 17. Raf1 Ng6 18. exd5 Bg4 19. Rf7 Qd8 20. Qd4 Qb6 21. Qxb6 axb6 22. Rxb7 h6 23. Rxb6 Ne5 24. h3 Bh5 25. g4 Bg6 26.
Rf2 Nc4 27. Rxg6 Nxb2 28. Rf7 Rg8 29. d6 Nc4 30. d7 Ne5 31. Rfxg7 Nxg6 32. Rxg6 Rd8 33.
Rxh6+ Kg7 34. Rd6 Kf7 35. Ne4 Ke7 36. h4 Rxd7 37. Rxd7+ Kxd7 38. g5 Ke7 39. a4 Kf7 40. a5 Kg6 41. a6 Kh5 42. a7 Kg4 43. a8=Q Kh5 44. Qe8+ Kg4 45. Qe6+ Kh5 46. Nf6+ Kxh4 47. c4 Kg3 48. c5 Kf3 49. c6 Kg3 50. c7 Kf4 51.
Qc4+ Kf5 52. c8=Q+ Kg6 53. Qe8+ Kf5 54. Qce4+ Kxg5 55. Qg8+ Kxf6 56. Qf8+ Kg5 57. Qg2+ Kh4 58. Qh8# 1-0

[Event "Live Chess"]
[Site "Chess.com"]
[Date "2024.06.01"]
[Round "-"]
[White "Cruiseylee78"]
[Black "JanMur7"]
[Result "1-0"]
[WhiteElo "1697"]
[BlackElo "2308"]
[TimeControl "300"]
[EndTime "14:06:18 PDT"]
[Termination "Cruiseylee78 won by resignation"]

1. d4 Nf6 2. Bf4 c6 3. e3 Qb6 4. b3 g6 5. Bd3 Nh5 6. Bg3 Nxg3 7.
hxg3 d6 8. Nd2 Bg7 9. c3 O-O 10.
Ngf3 Bg4 11. Qc2 Nd7 12. Ng5 h6 13. Ngf3 e5 14. Rh4 h5 15. e4 exd4 16. Nc4 Qc5 17.
b4 Qb5 18. a4 Qa6 19. Nxd4 b5 20. Ne3 Be6 21. Nxe6 fxe6 22. e5 Nxe5 23. Bxg6 Rf6 24. Bxh5 Raf8 25. f4 Nc4 26. Nxc4 bxc4 27. O-O-O d5 28.
Bf3 c5 29. Qh7+ Kf7 30. Bh5+ 1-0

[Event "Live Chess"]
[Site "Chess.com"]
[Date "2024.06.01"]
[Round "-"]
[White "Bradfield133"]
[Black "kingside_rook"]
[Result "0-1"]
[WhiteElo "1895"]
[BlackElo "1995"]
[TimeControl "300"]
[EndTime "14:06:27 PDT"]
[Termination "kingside_rook won on time"]

1. c4 Nf6 2. g3 g6 3. Bg2 Bg7 4. Nc3 O-O 5. e4 d6 6. Nge2 c5 7. O-O Nc6 8. a3 e5 9. Rb1 a5 10. d3 Ne8 11. f4 Nc7 12. f5 Nd4 13. g4 b5 14. Nd5 Nxd5 15. cxd5 Qh4 16. h3 Bh6 17. f6 Bxc1 18. Rxc1 Nxe2+ 19. Qxe2 b4 20. a4 Qg5 21. b3 h5 22. gxh5 Bxh3 23. Rc2 gxh5 24. Kh2 Bg4 25. Qf2 Kh7 26. Bh3 Rg8 27. Rg1 Qh6 28. Qf1 Bxh3 29. Qxh3 Qf4+ 0-1

[Event "Live Chess"]
[Site "Chess.com"]
[Date "2024.06.01"]
[Round "-"]
[White "Zhevzh1k7"]
[Black "McFim"]
[Result "0-1"]
[WhiteElo "1105"]
[BlackElo "1597"]
[TimeControl "300"]
[EndTime "14:06:27 PDT"]
[Termination "McFim won by resignation"]

1. e4 c6 2. d4 d5 3. f3 dxe4 4. fxe4 e5 5. Nf3 Bg4 6. c3 exd4 7. cxd4 Nf6 8. Nc3 Bb4 9. e5 Nd5 10. Bd2 O-O 11. Nxd5 Bxd2+ 12. Qxd2 Qxd5 13. Be2 Nd7 14. O-O Rad8 15. Ne1 Bxe2 16. Qxe2 Qxd4+ 17. Kh1 Qxe5 18. Qxe5 Nxe5 19. Nf3 Nxf3 20. Rxf3 Rd2 21. b3 Re8 22. h3 Ree2 23. Rg3 Rxa2 24. Rxa2 Rxa2 25. Rd3 g6 26. Rd7 b6 27. Rc7 c5 28. Rb7 Ra3 29. Rb8+ Kg7 30.
b4 cxb4 0-1

[Event "Live Chess"]
[Site "Chess.com"]
[Date "2024.06.01"]
[Round "-"]
[White "bonantagulo"]
[Black "MagnersCarlsberg2870"]
[Result "1-0"]
[WhiteElo "2081"]
[BlackElo "1774"]
[TimeControl "300"]
[EndTime "14:06:39 PDT"]
[Termination "bonantagulo won by checkmate"]

1. d4 Nf6 2. c4 e5 3. dxe5 Ne4 4. Nf3 d6 5. exd6 Bxd6 6. Nbd2 Bb4 7. g3 Bg4 8. Bg2 Nc6 9. h3 Be6 10. O-O Bxd2 11. Bxd2 Bxc4 12. Qc2 Nxd2 13. Nxd2 Bd5 14. e4 Nd4 15. Qd3 Bc6 16. Nc4 O-O 17. Rad1 Ne6 18.
Na5 Qxd3 19. Rxd3 Bb5 20. Rfd1 Bxd3 21. Rxd3 Rad8 22. Rc3 b6 23. Nc6 Rd1+ 24. Kh2 a5 25. Rc2 Nc5 26. Ne7+ Kh8 27. Nd5 Ne6 28. f4 Nd4 29. Rxc7 Rd2 30. h4 Rxb2 31. a4 b5 32. axb5 Rxb5 33. Ra7 Nb3 34. h5 h6 35. Bh3 f5 36. Ne7 Re8 37. Ng6+ Kh7 38. Bxf5 Rxf5 39. exf5 Nd4 40. f6 Re2+ 41. Kh3 Nf3 42. Rxg7# 1-0

[Event "Live Chess"]
[Site "Chess.com"]
[Date "2024.06.01"]
[Round "-"]
[White "FlyingChessKestrel13"]
[Black "jimwad"]
[Result "1-0"]
[WhiteElo "2069"]
[BlackElo "1296"]
[TimeControl "300"]
[EndTime "14:07:01 PDT"]
[Termination "FlyingChessKestrel13 won by resignation"]

1. e4 e5 2. Nf3 Nc6 3. Bb5 Nf6 4. d3 d6 5. O-O Bd7 6. c4 a6 7. Ba4 Be7 8. Nc3 O-O 9. Nd5 Nxd5 10. cxd5 Na7 11.
Bxd7 Qxd7 12. d4 Bf6 13. dxe5 Bxe5 14. Nxe5 dxe5 15. a4 Nc8 16. Be3 Nd6 17. Qc2 Rac8 18. f3 f6 19. Rfd1 c6 20. dxc6 Rxc6 21. Qb3+ Kh8 22.
Rd2 Qc7 23. Rad1 Nf7 24. Rd7 Qc8 25. Rxf7 1-0

[Event "Live Chess"]
[Site "Chess.com"]
[Date "2024.06.01"]
[Round "-"]
[White "cymbalshift"]
[Black "jellhhggffhjjjjjj"]
[Result "1-0"]
[WhiteElo "1493"]
[BlackElo "319"]
[TimeControl "300"]
[EndTime "14:07:13 PDT"]
[Termination "cymbalshift won by checkmate"]

1. d4 e5 2. d5 Bc5 3. c4 Nf6 4. Nc3 d6 5. a3 b5 6. cxb5 a6 7. b4 Bb6 8. e4 c5 9. bxc6 Qc7 10.
Bg5 Ng4 11. Ra2 Nxc6 12. dxc6 Qxc6 13. Nd5 Be6 14. Rc2 Qd7 15. Nxb6 Qb7 16. Nxa8 Qxa8 17. Qxd6 Qxe4+ 18. Re2 Qb1+ 19. Qd1 Qxd1+ 20. Kxd1 Bc4 21. Rd2 Bxf1 22. Rd8# 1-0

[Event "Live Chess"]
[Site "Chess.com"]
[Date "2024.06.01"]
[Round "-"]
[White "anatoliy10912"]
[Black "crais6"]
[Result "1-0"]
[WhiteElo "1740"]
[BlackElo "1619"]
[TimeControl "300"]
[EndTime "14:07:29 PDT"]
[Termination "anatoliy10912 won by resignation"]

1. e4 c5 2. Nf3 Nc6 3. d4 cxd4 4. Nxd4 e5 5. Nb5 d6 6. N1c3 a6 7. Na3 Be6 8. Bc4 Be7 9. Bxe6 fxe6 10. Qg4 Nd4 11. Qxg7 Bf6 12. Qg4 Ne7 13. Be3 Rg8 14.
Qh3 Nec6 15. Ne2 Qe7 16. Bd2 O-O-O 17. Nxd4 exd4 18. O-O-O Kb8 19. Nc4 d5 20. exd5 Rxd5 21. Rhe1 e5 22. f4 Qg7 23. fxe5 Nxe5 24. Bf4 Ka7 25.
Bxe5 Bxe5 26. Nxe5 Rxe5 27. Rxe5 Qxe5 28. Qxh7 Rxg2 29. h4 Qe3+ 30. Kb1 Qe2 31. Qd3 Qg4 32.
b3 Qxh4 33. Qxd4+ Ka8 34. Qxh4 1-0

[Event "Live Chess"]
[Site "Chess.com"]
[Date "2024.06.01"]
[Round "-"]
[White "dhairyapandyauk"]
[Black "gmnorfolk"]
[Result "0-1"]
[WhiteElo "1704"]
[BlackElo "2075"]
[TimeControl "300"]
[EndTime "14:07:49 PDT"]
[Termination "gmnorfolk won by resignation"]

1. e4 c5 2. c3 e6 3. d4 d5 4.
exd5 Qxd5 5. Be3 cxd4 6. Qxd4 Qxd4 7. Bxd4 Nc6 8. Be3 Nf6 9. Bd3 Nd5 10. Bc1 Bd6 11.
Nd2 Nf4 12. Bf1 O-O 13. Ne4 Bc7 14. Nf3 f5 15. Nc5 Nd5 16. Bc4 b6 17. Nxe6 Bxe6 18. Ng5 Rae8 19. Nxe6 Rxe6+ 20. Kf1 Nce7 21. Bg5 Rd8 22.
Bxe7 Rxe7 23. f3 Kf8 24. Kf2 Nf6 25. g3 Rd2+ 26. Kf1 Rxb2 27. Re1 Rxe1+ 28. Kxe1 Rb1+ 0-1

[Event "Live Chess"]
[Site "Chess.com"]
[Date "2024.06.01"]
[Round "-"]
[White "oscalik"]
[Black "lyricalschemes"]
[Result "0-1"]
[WhiteElo "2324"]
[BlackElo "2393"]
[TimeControl "300"]
[EndTime "14:08:00 PDT"]
[Termination "lyricalschemes won by checkmate"]

1. e4 Nf6 2. e5 Nd5 3. Nc3 Nxc3 4. dxc3 Nc6 5. Nf3 d6 6. Bf4 Bg4 7. h3 Bxf3 8. Qxf3 dxe5 9. Rd1 Qc8 10. Bb5 Qe6 11.
Bg3 g6 12. O-O Bg7 13. Bxc6+ bxc6 14. Rfe1 O-O 15. Qe3 f6 16. b3 a5 17. a4 Rfd8 18.
Qc5 Rd5 19. Rxd5 Qxd5 20. Qxe7 Qd6 21. Qxd6 cxd6 22. c4 Kf7 23. Rd1 Ke6 24. f3 Bf8 25. Kf1 d5 26. cxd5+ cxd5 27. Be1 Rc8 28. c3 Rb8 29.
Rb1 Bc5 30. Ke2 f5 31. Kd3 e4+ 32. Ke2 Rb7 33. b4 axb4 34. cxb4 d4 35. a5 d3+ 36.
Kd1 Kd5 37. a6 Rb8 38. fxe4+ fxe4 39. Bg3 Bd6 40. Bxd6 Kxd6 41. b5 Kc5 42. a7 Ra8 43. b6 e3 44. b7 Rf8 45. b8=Q Rf1# 0-1

[Event "Live Chess"]
[Site "Chess.com"]
[Date "2024.06.01"]
[Round "-"]
[White "Zhevzh1k7"]
[Black "kingside_rook"]
[Result "0-1"]
[WhiteElo "1105"]
[BlackElo "1995"]
[TimeControl "300"]
[EndTime "14:08:12 PDT"]
[Termination "kingside_rook won by checkmate"]

1. e4 e5 2. Nf3 Nc6 3. Bc4 Nf6 4. Nc3 Bc5 5. O-O d6 6. d3 Bg4 7. Be3 Nd4 8. Nd5 Nxd5 9. Bxd5 Nxf3+ 10. gxf3 Bh3 11.
Re1 Bxe3 12. fxe3 Qg5+ 13. Kh1 Qg2# 0-1

[Event "Live Chess"]
[Site "Chess.com"]
[Date "2024.06.01"]
[Round "-"]
[White "agamilewska"]
[Black "Queensandpawns"]
[Result "1/2-1/2"]
[WhiteElo "1765"]
[BlackElo "2374"]
[TimeControl "300"]
[EndTime "14:08:14 PDT"]
[Termination "Game drawn - timeout vs insufficient material"]

1. d4 e5 2. dxe5 Nc6 3. Nf3 Qe7 4. e4 Nxe5 5. Nxe5 Qxe5 6. Bd3 Bc5 7. O-O d6 8. Nc3 Qe7 9. Kh1 Qd8 10. f4 Nf6 11. e5 Ng4 12. Qf3 Qh4 13. h3 Nf2+ 14.
Kh2 Ng4+ 15. Kh1 dxe5 16. fxe5 Nxe5 17. Qd5 Bxh3 18. Qxe5+ Be6+ 19. Qh2 Qe7 20. Bf4 O-O-O 21. Rae1 g5 22. Be5 Rhf8 23. Bf6 Qd7 24. Bxd8 Rxd8 25.
Ne4 Be7 26. Nf6 Qd4 27. Ne4 Rd5 28. g4 Re5 29. Qxh7 Bd5 30. Kg2 c5 31. Qh8+ Kd7 32.
Kg3 Bxe4 33. Bxe4 Rxe4 34. Qxd4+ Rxd4 35. Rxf7 Kc6 36. Rexe7 b6 37. Rc7+ Kb5 38. Rxa7 Rd2 39. Rab7 Rxc2 40. Rf6 Kc4 41. Rbxb6 Rc1 42. b3+ Kc3 43.
Rfc6 Kb2 44. Rb5 Rc3+ 45. Kf2 Rc2+ 46. Ke3 Rc3+ 47. Kd2 Rc1 48. Kd3 Rd1+ 49. Ke2 Rd4 50. Rbxc5 Rxg4 51. Rc2+ Ka3 52. Ra6+ Kb4 53. Rc4+ Rxc4 54.
bxc4 Kxc4 55. Ra4+ Kb5 56. Rg4 Kc5 57. Rxg5+ Kb4 58. Kd2 Ka3 59. Ra5+ Kb4 60. Ra8 Kb5 61. a4+ Kb4 62. a5 Kb5 63. a6 Kb6 64. a7 Kb7 65. Rh8 Kxa7 66. Kc3 Kb7 67. Kb4 Kc6 68. Rh5 Kd6 69. Kc4 Ke6 1/2-1/2

[Event "Live Chess"]
[Site "Chess.com"]
[Date "2024.06.01"]
[Round "-"]
[White "matt1979"]
[Black "Mangoalo"]
[Result "1-0"]
[WhiteElo "1376"]
[BlackElo "1062"]
[TimeControl "300"]
[EndTime "14:08:18 PDT"]
[Termination "matt1979 won by resignation"]

1. f4 g5 2. fxg5 Bg7 3. Nf3 f6 4. gxf6 Nxf6 5. d4 d5 6. e3 Nc6 7.
c3 Bg4 8. Bd3 Qd6 9. O-O O-O-O 10. h3 Bxf3 11. Qxf3 Kb8 12. Na3 Rhf8 13. Qe2 Ne4 14.
Bxe4 Rxf1+ 15. Qxf1 dxe4 16. Nc4 Qg6 17. Bd2 Rf8 18.
Qe2 Rg8 19. Rf1 Bh6 20. Qf2 Nd8 21. Ne5 Qg7 22. Ng4 Bg5 23. Qe2 Ne6 24. d5 Nc5 25. Be1 Nd3 26. b4 Qh6 27. Bg3 Bxe3+ 28. Nxe3 Rxg3 29.
Nf5 Qg6 30. Nxg3 b6 31. Nxe4 Qd6 32. Qxd3 e5 33. Nxd6 1-0

[Event "Live Chess"]
[Site "Chess.com"]
[Date "2024.06.01"]
[Round "-"]
[White "educatedlad"]
[Black "Duke_of_Bebington"]
[Result "0-1"]
[WhiteElo "1713"]
[BlackElo "1637"]
[TimeControl "300"]
[EndTime "14:08:32 PDT"]
[Termination "Duke_of_Bebington won by resignation"]

1. d4 d5 2. c4 c6 3. Nc3 e5 4. c5 e4 5. e3 Nf6 6. Be2 a5 7. a4 b6 8. cxb6 Qxb6 9. Nh3 Bd6 10. Ng5 h6 11. Nxf7 Kxf7 12. Bh5+ Nxh5 13. Qxh5+ g6 14. Qe2 Rf8 15. O-O Kg7 16. f3 exf3 17. Rxf3 Rxf3 18. Qxf3 Bf5 19. g4 Bd3 20. e4 dxe4 21. Nxe4 Qxd4+ 22. Be3 Qxe4 23. Qf2 Qxg4+ 24. Kh1 Be4+ 0-1

[Event "Live Chess"]
[Site "Chess.com"]
[Date "2024.06.01"]
[Round "-"]
[White "jk0110"]
[Black "PatientChessPapa"]
[Result "1-0"]
[WhiteElo "1238"]
[BlackElo "797"]
[TimeControl "300"]
[EndTime "14:08:35 PDT"]
[Termination "jk0110 won on time"]

1. e4 d5 2. d4 dxe4 3. f3 e5 4. fxe4 Qh4+ 5. Kd2 Qxe4 6. Nf3 Nc6 7. Bd3 Qf4+ 8. Ke2 Nxd4+ 9. Nxd4 Qxd4 10. Nc3 Bg4+ 11. Ke1 Bxd1 12. Kxd1 O-O-O 13. Nb5 Qg4+ 14. Ke1 Bc5 15.
Rf1 Nf6 16. Bf5+ Qxf5 17. Rxf5 Rhe8 18. Bg5 h6 19. Bxf6 gxf6 20. Rxf6 Be3 21. Rxf7 Rd7 22. Rxd7 Kxd7 23. Rd1+ Ke7 24. Nxc7 Rd8 25. Nd5+ Rxd5 26. Rxd5 Ke6 27. Rd3 Bd4 28. c3 Bc5 29. Rh3 1-0

[Event "Live Chess"]
[Site "Chess.com"]
[Date "2024.06.01"]
[Round "-"]
[White "kylet1990"]
[Black "grillage"]
[Result "0-1"]
[WhiteElo "734"]
[BlackElo "1866"]
[TimeControl "300"]
[EndTime "14:08:37 PDT"]
[Termination "grillage won by resignation"]

1. e4 d5 2. exd5 Qxd5 3. Nc3 Qd8 4. Nf3 Nf6 5. d4 Bg4 6. h3 Bxf3 7. Qxf3 c6 8. Bf4 e6 9. O-O-O Bb4 10. a3 Bxc3 11.
Qxc3 Nd5 12. Qg3 Nxf4 13. Qxf4 Nd7 14. Bd3 Qf6 15. Qc7 Nb6 16. Qxb7 O-O 17. Qxc6 Rfc8 18. Qe4 g6 19. g4 Nd5 20. Bc4 Rxc4 21. Rhf1 Qf4+ 22. Qxf4 Nxf4 23. b3 Rc7 24. h4 Rac8 25.
c4 Rd8 26. Kc2 Rcd7 27. Kc3 Ne2+ 28. Kd3 Nxd4 29. Kc3 Ne2+ 30. Kc2 Nd4+ 31. Kc3 e5 32. Rh1 a5 33. h5 Kg7 34. hxg6 hxg6 35. Rh4 Ne2+ 36. Kc2 Rxd1 0-1

[Event "Live Chess"]
[Site "Chess.com"]
[Date "2024.06.01"]
[Round "-"]
[White "upoe610"]
[Black "ogpin"]
[Result "1-0"]
[WhiteElo "2244"]
[BlackElo "2209"]
[TimeControl "300"]
[EndTime "14:08:41 PDT"]
[Termination "upoe610 won by resignation"]

1. c4 a5 2. Nc3 Ra6 3. d4 g6 4. e4 Bg7 5. Nf3 d6 6. Be2 c5 7.
d5 Nf6 8. O-O O-O 9. Be3 Rb6 10.
b3 Ng4 11. Bd2 a4 12. Nxa4 Bxa1 13. Qxa1 Ra6 14. h3 Nf6 15. e5 dxe5 16. Nxc5 Ra7 17. Nxe5 b6 18. Ncd3 Nbd7 19. Bh6 Nxe5 20. Nxe5 Re8 21. Nc6 Qc7 22. Nxa7 Qxa7 23. Bg5 Bf5 24.
Bxf6 exf6 25. Bf3 Kg7 26. Rd1 Bc2 27. Rd2 Bxb3 28. g4 Bxc4 29. g5 Qe7 30. gxf6+ Qxf6 31. Qxf6+ Kxf6 32. d6 Rd8 33. Bg4 Be6 34. Bf3 Ke5 35.
Re2+ Kxd6 36. Rc2 Ke7 37. Rc7+ Kf6 38. a4 Ra8 39. Bxa8 1-0

[Event "Live Chess"]
[Site "Chess.com"]
[Date "2024.06.01"]
[Round "-"]
[White "koekoekoe"]
[Black "ACM42"]
[Result "0-1"]
[WhiteElo "2022"]
[BlackElo "2170"]
[TimeControl "300"]
[EndTime "14:08:43 PDT"]
[Termination "ACM42 won on time"]

1. d4 Nf6 2. Bf4 g6 3. e3 Bg7 4. Nf3 O-O 5. c4 b6 6. Nc3 Bb7 7. Be2 d6 8. O-O Nbd7 9. Rc1 a5 10. h3 Ne4 11. Nxe4 Bxe4 12. Nd2 Bb7 13. Bf3 Bxf3 14. Qxf3 e5 15. dxe5 Nxe5 16. Bxe5 Bxe5 17. b3 a4 18. Qd5 Ra5 19. Qd3 axb3 20. axb3 Ra2 21. Nf3 Bf6 22. Nd4 Qa8 23. Nb5 Rc8 24.
Nc3 Rb2 25. Nd5 Bg7 26. Ne7+ Kf8 27. Nxc8 Qxc8 28. Rb1 Ra2 29. b4 Bf6 30. Rfc1 Qa6 31. Qb3 Ra3 32. Qc2 Kg7 33. b5 Qa8 34. Rb3 Ra2 35.
Qd1 Bh4 36. g3 Bxg3 37. Qd4+ Be5 38. Qd5 Qc8 39. e4 Qd8 40. Rcc3 Qf6 41. Rf3 Qg5+ 42. Rg3 Qc1+ 43. Kg2 Ra1 44. Kf3 Qh1+ 45. Kg4 h5+ 46. Kh4 Bf6+ 47. Rg5 Rg1 48. Rg3 Rxg3 49. fxg3 Qc1 50.
Qf5 Qe3 51. Qf4 Qc5 52. Qxf6+ Kxf6 53. Rxc5 bxc5 54. g4 hxg4 55. Kxg4 Ke5 56. Kg5 Kxe4 57. Kf6 d5 58. Kxf7 dxc4 0-1

[Event "Live Chess"]
[Site "Chess.com"]
[Date "2024.06.01"]
[Round "-"]
[White "road2gm5000"]
[Black "CCGoodKnightRookie"]
[Result "0-1"]
[WhiteElo "1082"]
[BlackElo "2310"]
[TimeControl "300"]
[EndTime "14:08:54 PDT"]
[Termination "CCGoodKnightRookie won by checkmate"]

1. e4 Nf6 2. Nc3 e5 3. Nf3 Nc6 4. Bb5 Bb4 5. Bxc6 dxc6 6. d3 Bg4 7. O-O O-O 8. Bd2 Nd7 9. h3 Bxf3 10. Qxf3 Bd6 11.
Rad1 Kh8 12. Be3 Nc5 13. d4 exd4 14. Bxd4 Ne6 15. e5 Be7 16. Bxa7 Qc8 17. Be3 b5 18. Qxc6 b4 19. Nd5 Bg5 20. Bxg5 Nxg5 21. Qxc7 Qf5 22. Ne3 Qg6 23. Ra1 Nxh3+ 24. Kh1 Nf4 25. e6 Qh5+ 26.
Kg1 Ne2# 0-1